 Dungeon Crawl Stone Soup version 0.31.0-11-ge490571c62 (webtiles) character file.

Game seed: 1813375311585745247

685 Silvore the Slasher (level 7, -2/54 HPs)
             Began as a Demonspawn Fighter on Feb 7, 2024.
             Slain by bearlyready's ghost (3 damage)
             ... on level 4 of the Dungeon.
             The game lasted 00:05:42 (4657 turns).

Silvore the Slasher (Demonspawn Fighter)            Turns: 4657, Time: 00:05:43

Health: -2/54      AC:  9    Str: 18    XL:     7   Next: 35%
Magic:  7/7        EV:  9    Int:  8    God:
Gold:   340        SH:  5    Dex: 13    Spells: 6/6 levels left

rFire   . . .        a - +1 long sword (heavy)
rCold   . . .        c - +0 buckler
rNeg    . . .        b - +0 scale mail
rPois   .            (no helmet)
rElec   .            n - +1 cloak
rCorr   .            (no gloves)
SInv    .            (no boots)
Will    .....        (no amulet) Stlth
                     (no ring)
HPRegen 0.29/turn    (no ring)
MPRegen 0.20/turn

%: no passive effects
@: no status effects
A: ignite blood 1, magic regeneration, demonic touch 1
a: no special abilities


You were on level 4 of the Dungeon.
You visited 2 branches of the dungeon, and saw 5 of its levels.

You collected 340 gold pieces.

Inventory:

Hand Weapons
 a - a +1 heavy long sword (weapon)
Armour
 b - a +0 scale mail (worn)
 c - a +0 buckler (worn)
 n - a +1 cloak (worn)
Jewellery
 s - an amulet of reflection
Wands
 l - a wand of roots (11)
 o - a wand of flame (21)
Scrolls
 d - a scroll of identify
 e - 2 scrolls of blinking
 k - a scroll of teleportation
Potions
 f - a potion of cancellation {unknown}
 g - a potion of ambrosia {unknown}
 h - 2 potions of resistance
 i - a potion of heal wounds {unknown}
 j - 3 potions of enlightenment
 m - a potion of lignification {unknown}


   Skills:
 + Level 4.2 Fighting
 + Level 5.0 Long Blades
 + Level 4.3 Armour
 + Level 1.5 Dodging
 + Level 0.2 Stealth
 + Level 3.9 Shields


You had 6 spell levels left.
You didn't know any spells.
Your spell library contained the following spells:

 Spells                   Type           Power      Damage    Failure   Level
 Foxfire                  Conj/Fire      0%         2x1d4     86%         1
 Plasma Beam              Fire/Air       0%         2x1d10    100%        6
 Starburst                Conj/Fire      0%         6d3       100%        6


Dungeon Overview and Level Annotations

Branches:
Dungeon (4/15)             Temple (1/1) D:4

Altars:
Gozag
Kikubaaqudgha
Makhleb
Qazlal
Vehumet
Wu Jian
Yredelemnul

Annotations:
D:4 bearlyready's ghost, amateur OpSh


Innate Abilities, Weirdness & Mutations

Your demonic aura sometimes causes spilled blood to erupt in flames.
You regenerate magic rapidly.
Your touch may inflict minor irresistible damage on your foes.


Message History

You block peterlawrence's ghost's attack.
Bearlyready's ghost barely misses you.
Unknown command.
You slash peterlawrence's ghost!
Peterlawrence's ghost is heavily damaged.
Peterlawrence's ghost hits you! Bearlyready's ghost barely misses you.
Peterlawrence's ghost hits you!
* * * LOW HITPOINT WARNING * * *
Bearlyready's ghost hits you.
* * * LOW HITPOINT WARNING * * *
You slice peterlawrence's ghost!!
Peterlawrence's ghost is almost destroyed.
You block peterlawrence's ghost's attack.
Bearlyready's ghost closely misses you.
You block peterlawrence's ghost's attack.
Bearlyready's ghost hits you but does no damage.
Unknown command.
You slash peterlawrence's ghost!
You destroy peterlawrence's ghost!
Bearlyready's ghost hits you but does no damage. x2
Your Long Blades skill increases to level 5!
Unknown command.
You slash bearlyready's ghost!
Bearlyready's ghost is moderately damaged.
Bearlyready's ghost hits you but does no damage.
Unknown command.
You slash bearlyready's ghost!
Bearlyready's ghost is severely damaged.
Bearlyready's ghost hits you.
* * * LOW HITPOINT WARNING * * *
Bearlyready's ghost barely misses you.
Unknown command.
You slash bearlyready's ghost!
Bearlyready's ghost is almost destroyed.
Bearlyready's ghost hits you but does no damage.
Unknown command.
You miss bearlyready's ghost.
Bearlyready's ghost is almost destroyed.
Bearlyready's ghost hits you.
You die...

#.#.##...#.##.####.# #.#
#.#.##...#.##.# #.# #.#
#.#.###.......# #.# #.##
#.#.# #.......####.####...
#.#.###...................
#.#..........########.#.#.
#.#######..#.# #.#.#. #.#
#.......# #.#... #.#
#...@...##### #.#.#.
###.######''W####..####.#.##
#.....#.........#.........##
#.#.###⌠.......⌠#.......##..
#.....#.........#...........
##....#$........#.......##..
#....##8.....8##.......##..
#....###?P⌠P?##...#######..
#....# ##### #..


You could see bearlyready's ghost.

Vanquished Creatures
  The ghost of peterlawrence the Covered, an amateur MiFi (D:4)
  2 kobold brigands (D:4)
  A scorpion (D:4)
  An iguana (D:4)
  An orc wizard (D:3)
  Ijyb (D:3)
  Terence (D:3)
  A sleepcap (D:4)
  7 gnolls (D:4)
  3 adders
  A dart slug (D:2)
  2 ribbon worms (D:4)
  5 orcs
  3 bats (D:1)
  6 endoplasms
  A giant cockroach (D:3)
  8 hobgoblins
  4 jackals (D:2)
  2 quokkas (D:2)
  8 ball pythons
  8 goblins
  47 kobolds
  6 rats
120 creatures vanquished.

Vanquished Creatures (others)
  A kobold (D:4)
1 creature vanquished.

Grand Total: 121 creatures vanquished

Notes
Turn   | Place    | Note
-------+----------+-------------------------------------------
     0 | D:1      | Silvore the Demonspawn Fighter began the quest for the Orb.
     0 | D:1      | Reached XP level 1. HP: 18/18 MP: 1/1
   282 | D:1      | Gained mutation: Your demonic aura sometimes causes spilled
                  | blood to erupt in flames. [demonic ancestry]
   282 | D:1      | Reached XP level 2. HP: 24/24 MP: 2/2
   294 | D:1      | Found a faded altar of an unknown god.
   560 | D:2      | Reached skill level 2 in Long Blades
   657 | D:2      | Gained mutation: You regenerate magic rapidly. [demonic
                  | ancestry]
   657 | D:2      | Reached XP level 3. HP: 14/29 MP: 3/3
  1296 | D:3      | Reached skill level 3 in Long Blades
  1296 | D:3      | Reached XP level 4. HP: 24/35 MP: 4/4
  1346 | D:3      | Found an opulent altar of Gozag.
  1348 | D:3      | Noticed Terence
  1363 | D:3      | Killed Terence
  1593 | D:3      | Noticed Ijyb
  1600 | D:3      | Killed Ijyb
  1601 | D:3      | Reached XP level 5. HP: 41/41 MP: 5/5
  2280 | D:4      | Reached skill level 4 in Long Blades
  2365 | D:4      | Found an ancient bone altar of Kikubaaqudgha.
  2523 | D:4      | Reached XP level 6. HP: 26/47 MP: 6/6
  2673 | D:4      | Reached skill level 1 in Dodging
  3025 | D:4      | Found a staircase to the Ecumenical Temple.
  3041 | Temple   | Entered the Ecumenical Temple
  3406 | D:4      | Found a runed translucent gate.
  3406 | D:4      | Found a runed translucent gate.
  3407 | D:4      | Found a runed translucent gate.
  3410 | D:4      | Noticed peterlawrence's ghost (amateur MiFi)
  3410 | D:4      | Noticed bearlyready's ghost (amateur OpSh)
  4028 | D:4      | Gained mutation: Your touch may inflict minor irresistible
                  | damage on your foes. [demonic ancestry]
  4028 | D:4      | Reached XP level 7. HP: 21/53 MP: 7/7
  4651 | D:4      | HP: 2/54 [bearlyready's ghost (5)]
  4653 | D:4      | Killed peterlawrence's ghost
  4654 | D:4      | Reached skill level 5 in Long Blades
  4657 | D:4      | Slain by bearlyready's ghost

Illustrated notes

Levels and vault maps discovered:
D:1:      lemuel_arrival_hallway, layout_basic,
          chequers_ecumenical_altar_simple_redux, grunt_decor_arrowhead
D:2:      layout_rooms, serial_park_tiny_2, st_stairs_8
D:3:      layout_loops_corners, amcnicky_altar_gilded, uniq_terence, uniq_ijyb
D:4:      minmay_goblin_kobold_castle, layout_basic, lemuel_crystal_altar,
          minmay_temple_entry_grid, gammafunk_ghost_cemetery
Temple:   nicolae_temple_superstar

Skill      XL: |  1  2  3  4  5  6  7 |
---------------+----------------------+-----
Long Blades    | 2 3 4 5 |  5.0
Shields        | 3 |  3.9
Armour         | 3 4 |  4.3
Dodging        | 1 |  1.5
Fighting       | 4 |  4.2
Stealth        | |  0.2

Action                     |  1- 3 |  4- 6 |  7- 9 || total
---------------------------+-------+-------+-------++-------
  Melee: Long sword        |   100 |   184 |    30 ||   314
    Use: Scroll            |     3 |     7 |       ||    10
         Potion            |       |     2 |       ||     2
 Armour: Scale mail        |    91 |   288 |    45 ||   424
  Dodge: Dodged            |    42 |   188 |    15 ||   245
  Block: Buckler           |    25 |    95 |    13 ||   133
